BLB
HARTFORD WHALERS @ INDIANAPOLIS CLOWNS
04/28/2060
 
TOP OF THE 1ST
Hartford Whalers batting - Pitching for Indianapolis Clowns : RHP Jake Fullerton
Pitching: RHP Jake Fullerton
Batting: LHB Gene Grimes 0-0: SOLO HOME RUN (Line Drive, 9D, EV 100.6 MPH), Distance : 380 ft
Batting: RHB Zyaire Semijenov 0-0: Fly out, F8 (Line Drive, 8LM, EV 106.2 MPH)
Batting: SHB JaQawn Schiegl 0-0: SINGLE (Groundball, 4MD, EV 105.6 MPH)
Batting: LHB Ian Schreiber 0-0: Called Strike
0-1: Foul Ball, location: 2F
0-2: Ball
1-2: 2-RUN HOME RUN (Flyball, 9LD, EV 93.8 MPH), Distance : 375 ft
Batting: LHB Amric Robinson 0-0: Fly out, F8 (Flyball, 8LD, EV 101.9 MPH)
Batting: LHB Houston Yap 0-0: Ball
1-0: Ball
2-0: Fly out, F8 (Flyball, 89D, EV 93.1 MPH)
Top of the 1st over - 3 runs, 3 hits, 0 errors, 0 left on base; Hartford 3 - Indianapolis 0
BOTTOM OF THE 1ST
Indianapolis Clowns batting - Pitching for Hartford Whalers : RHP Braydon Lynn
Pitching: RHP Braydon Lynn
Batting: LHB Elias Owen 0-0: Ball
1-0: SINGLE (Line Drive, 3D, EV 98.1 MPH)
Batting: RHB Bryant Francis 0-0: Ball
1-0: Called Strike
Elias Owen steals 2nd, throwing error, E2
Elias Owen to third
1-1: Foul Ball, location: 2F
1-2: Foul Ball, location: 2F
1-2: Foul Ball, location: 2F
1-2: Ball
2-2: DOUBLE (Groundball, 5L, EV 95.0 MPH)
Elias Owen scores
Batting: LHB Grady Faulkner 0-0: Ball
1-0: Called Strike
1-1: Foul Ball, location: 2F
1-2: Strikes out swinging
Batting: SHB Darren Lane 0-0: Called Strike
0-1: Foul Ball, location: 2F
0-2: Strikes out swinging
Batting: RHB Lee Vincent 0-0: Ball
1-0: Foul Ball, location: 2F
1-1: Fly out, F8 (Flyball, 8LS, EV 85.0 MPH)
Bottom of the 1st over - 1 run, 2 hits, 1 error, 1 left on base; Hartford 3 - Indianapolis 1
TOP OF THE 2ND
Hartford Whalers batting - Pitching for Indianapolis Clowns : RHP Jake Fullerton
Batting: RHB Reilly Wren 0-0: Ball
1-0: Ground out 6-3 (Groundball, 6D, EV 84.4 MPH)
Batting: RHB Abel Kazaz 0-0: Called Strike
0-1: Ball
1-1: Ground out 5-3 (Groundball, 5, EV 110.6 MPH)
Batting: RHB Simon Moody 0-0: Ball
1-0: Ball
2-0: Ground out 5-3 (Groundball, 56S, EV 69.4 MPH)
Top of the 2nd over - 0 runs, 0 hits, 0 errors, 0 left on base; Hartford 3 - Indianapolis 1
BOTTOM OF THE 2ND
Indianapolis Clowns batting - Pitching for Hartford Whalers : RHP Braydon Lynn
Batting: RHB Jett Speer 0-0: Called Strike
0-1: Ball
1-1: Called Strike
1-2: Strikes out swinging
Batting: RHB Gage Hay 0-0: Ball
1-0: Swinging Strike
1-1: Called Strike
1-2: Ball
2-2: Ball
3-2: Base on Balls
Batting: RHB Luke Heap 0-0: Ball
Gage Hay steals 2nd base
1-0: SINGLE (Line Drive, 7S, EV 93.8 MPH)
Gage Hay to third
Runner from 3rd tries for Home, throw by LF and OUT! 7-2
Batting: RHB Jared Bradley 0-0: Fly out, F8 (Flyball, 8RM, EV 93.8 MPH)
Bottom of the 2nd over - 0 runs, 1 hit, 0 errors, 1 left on base; Hartford 3 - Indianapolis 1
TOP OF THE 3RD
Hartford Whalers batting - Pitching for Indianapolis Clowns : RHP Jake Fullerton
Batting: LHB Gene Grimes 0-0: Foul Ball, location: 2F
0-1: Ball
1-1: Fly out, F8 (Line Drive, 8RM, EV 93.8 MPH)
Batting: RHB Zyaire Semijenov 0-0: Ball
1-0: Ground out U3 (Groundball, 3L, EV 82.5 MPH)
Batting: SHB JaQawn Schiegl 0-0: Swinging Strike
0-1: Ball
1-1: Foul Ball, location: 2F
1-2: Ball
2-2: Ball
3-2: Base on Balls
Batting: LHB Ian Schreiber 0-0: Ball
1-0: DOUBLE (Line Drive, 7LM, EV 90.6 MPH)
JaQawn Schiegl to third
Batting: LHB Amric Robinson 0-0: SINGLE (Line Drive, 9S, EV 95.0 MPH)
JaQawn Schiegl scores
Ian Schreiber to third
Runner from 3rd tries for Home, SAFE, throw by RF to home
Batting: LHB Houston Yap 0-0: Called Strike
0-1: SINGLE (Groundball, 34D, EV 103.8 MPH)
Amric Robinson to second
Runner from 2nd tries for 3rd, SAFE, throw by RF made to third
Batting: RHB Reilly Wren 0-0: DOUBLE (Line Drive, 7LD, EV 100.6 MPH)
Amric Robinson scores
Houston Yap to third
Pitching: LHP Denver Benson
Batting: RHB Abel Kazaz 0-0: Ball
1-0: Foul Ball, location: 2F
1-1: Fly out, F4 (Popup, 34, EV 76.9 MPH)
Top of the 3rd over - 3 runs, 4 hits, 0 errors, 2 left on base; Hartford 6 - Indianapolis 1
BOTTOM OF THE 3RD
Indianapolis Clowns batting - Pitching for Hartford Whalers : RHP Braydon Lynn
Batting: LHB Elias Owen 0-0: Ball
1-0: Ball
2-0: Reached via error on a dropped throw from 1B, E1 (Groundball, 34, EV 102.5 MPH)
Batting: RHB Bryant Francis 0-0: Ball
1-0: Called Strike
Elias Owen steals 2nd base (no throw)
1-1: Ground out 6-3 (Groundball, 6, EV 93.1 MPH)
Elias Owen to third
Batting: LHB Grady Faulkner 0-0: Ball
1-0: Ball
2-0: Foul Ball, location: 2F
2-1: Ground out 6-3 (Groundball, 6D, EV 81.9 MPH)
Elias Owen scores
Batting: SHB Darren Lane 0-0: Ball
1-0: Ground out 4-3 (Groundball, 4, EV 104.4 MPH)
Bottom of the 3rd over - 1 run, 0 hits, 1 error, 0 left on base; Hartford 6 - Indianapolis 2
TOP OF THE 4TH
Hartford Whalers batting - Pitching for Indianapolis Clowns : LHP Denver Benson
Batting: RHB Simon Moody 0-0: Ball
1-0: Fly out, F9 (Flyball, 9D, EV 95.6 MPH)
Batting: LHB Gene Grimes 0-0: Ball
1-0: Fly out, F9 (Line Drive, 89M, EV 91.2 MPH)
Batting: RHB Zyaire Semijenov 0-0: Ball
1-0: Ground out 6-3 (Groundball, 6, EV 86.9 MPH)
Top of the 4th over - 0 runs, 0 hits, 0 errors, 0 left on base; Hartford 6 - Indianapolis 2
BOTTOM OF THE 4TH
Indianapolis Clowns batting - Pitching for Hartford Whalers : RHP Braydon Lynn
Batting: RHB Lee Vincent 0-0: Called Strike
0-1: Foul Ball, location: 2F
0-2: Ball
1-2: Ball
2-2: SINGLE (Groundball, 25, EV 68.1 MPH) (infield hit)
Batting: RHB Jett Speer 0-0: Fly out, F7 (Flyball, 7LM, EV 73.8 MPH)
Batting: RHB Gage Hay 0-0: Called Strike
0-1: Called Strike
0-2: Strikes out swinging
Batting: RHB Luke Heap 0-0: Swinging Strike
0-1: Swinging Strike
0-2: Ball
1-2: Ball
2-2: Strikes out swinging
Bottom of the 4th over - 0 runs, 1 hit, 0 errors, 1 left on base; Hartford 6 - Indianapolis 2
TOP OF THE 5TH
Hartford Whalers batting - Pitching for Indianapolis Clowns : LHP Denver Benson
Batting: SHB JaQawn Schiegl 0-0: Ball
1-0: Ball
2-0: Foul Ball, location: 2F
2-1: Ground out 5-3 (Groundball, 56, EV 85.6 MPH)
Batting: LHB Ian Schreiber 0-0: Called Strike
0-1: TRIPLE (Line Drive, 78XD, EV 101.9 MPH)
Batting: LHB Amric Robinson 0-0: Called Strike
0-1: Ground out 4-3 (Groundball, 4, EV 85.6 MPH)
Ian Schreiber scores
Batting: LHB Houston Yap 0-0: Ball
1-0: Foul Ball, location: 2F
1-1: Ball
2-1: Foul Ball, location: 2F
2-2: Foul Ball, location: 2F
2-2: Foul Ball, location: 2F
2-2: Ground out 4-3 (Groundball, 4D, EV 104.4 MPH)
Top of the 5th over - 1 run, 1 hit, 0 errors, 0 left on base; Hartford 7 - Indianapolis 2
BOTTOM OF THE 5TH
Indianapolis Clowns batting - Pitching for Hartford Whalers : RHP Braydon Lynn
Batting: RHB Jared Bradley 0-0: Called Strike
0-1: Swinging Strike
0-2: Ball
1-2: Ball
2-2: Strikes out swinging
Batting: LHB Elias Owen 0-0: Ball
1-0: Ball
2-0: Ball
3-0: Base on Balls
Batting: RHB Bryant Francis 0-0: Foul Ball, location: 2F
0-1: Called Strike
0-2: SINGLE (Groundball, 56D, EV 105.6 MPH)
Elias Owen to second
Batting: LHB Grady Faulkner 0-0: Ball
1-0: Called Strike
1-1: Called Strike
1-2: Fly out, F8 (Flyball, 8RS, EV 84.4 MPH)
Batting: SHB Darren Lane 0-0: Called Strike
0-1: Ground out U3 (Groundball, 3, EV 93.1 MPH)
Bottom of the 5th over - 0 runs, 1 hit, 0 errors, 2 left on base; Hartford 7 - Indianapolis 2
TOP OF THE 6TH
Hartford Whalers batting - Pitching for Indianapolis Clowns : LHP Denver Benson
Batting: RHB Reilly Wren 0-0: Ball
1-0: Swinging Strike
1-1: Ball
2-1: Called Strike
2-2: Strikes out swinging
Batting: RHB Abel Kazaz 0-0: Ball
1-0: Swinging Strike
1-1: Ball
2-1: Ball
3-1: DOUBLE (Line Drive, 89D, EV 109.4 MPH)
Pitching: RHP Lonnie Mortensen
Batting: RHB Simon Moody 0-0: Called Strike
0-1: Called Strike
0-2: Strikes out swinging
Batting: LHB Gene Grimes 0-0: Ball
1-0: Called Strike
1-1: Ball
2-1: Ball
3-1: Foul Ball, location: 2F
3-2: Strikes out swinging
Top of the 6th over - 0 runs, 1 hit, 0 errors, 1 left on base; Hartford 7 - Indianapolis 2
BOTTOM OF THE 6TH
Indianapolis Clowns batting - Pitching for Hartford Whalers : RHP Braydon Lynn
Batting: RHB Lee Vincent 0-0: Ball
1-0: Swinging Strike
1-1: Foul Ball, location: 2F
1-2: Strikes out looking and he ARGUES THE CALL AND IS TOSSED!
Batting: RHB Jett Speer 0-0: Called Strike
0-1: Ball
1-1: Swinging Strike
1-2: Ball
2-2: Strikes out swinging
Batting: RHB Gage Hay 0-0: SINGLE (Groundball, 6MD, EV 81.9 MPH) (infield hit)
Batting: RHB Luke Heap 0-0: Ball
1-0: Ball
2-0: Called Strike
Gage Hay steals 2nd base
2-1: SINGLE (Groundball, 34D, EV 100.6 MPH)
Gage Hay to third
Runner from 3rd tries for Home, SAFE, throw by RF to home
Batting: RHB Jared Bradley 0-0: Swinging Strike
0-1: Fly out, F9 (Flyball, 9, EV 93.8 MPH)
Bottom of the 6th over - 1 run, 2 hits, 0 errors, 1 left on base; Hartford 7 - Indianapolis 3
TOP OF THE 7TH
Hartford Whalers batting - Pitching for Indianapolis Clowns : RHP Lonnie Mortensen
Batting: RHB Zyaire Semijenov 0-0: Called Strike
0-1: SOLO HOME RUN (Line Drive, 7D, EV 105.6 MPH), Distance : 420 ft
Batting: SHB JaQawn Schiegl 0-0: Called Strike
0-1: Called Strike
0-2: Strikes out swinging
Batting: LHB Ian Schreiber 0-0: Called Strike
0-1: Ball
1-1: Ball
2-1: Ball
3-1: Swinging Strike
3-2: Fly out, F8 (Flyball, 78M, EV 86.9 MPH)
Batting: LHB Amric Robinson 0-0: Ball
1-0: Ball
2-0: Called Strike
2-1: SOLO HOME RUN (Line Drive, 89XD, EV 113.8 MPH), Distance : 462 ft
Batting: LHB Houston Yap 0-0: Ball
1-0: Called Strike
1-1: Ball
2-1: Fly out, F9 (Flyball, 9D, EV 94.4 MPH)
Top of the 7th over - 2 runs, 2 hits, 0 errors, 0 left on base; Hartford 9 - Indianapolis 3
BOTTOM OF THE 7TH
Indianapolis Clowns batting - Pitching for Hartford Whalers : RHP Braydon Lynn
Batting: LHB Elias Owen 0-0: Ball
1-0: Ball
2-0: Called Strike
2-1: Foul Ball, location: 2F
2-2: Ball
3-2: Ground out 6-3 (Groundball, 6, EV 103.1 MPH)
Pitching: LHP Noel Fetter
Batting: RHB Bryant Francis 0-0: Ball
1-0: DOUBLE (Line Drive, 8RXD, EV 106.2 MPH)
Batting: LHB Grady Faulkner 0-0: Ball
1-0: Swinging Strike
1-1: Foul Ball, location: 2F
1-2: Fly out, F8 (Flyball, 8RD, EV 80.6 MPH)
Batting: SHB Darren Lane 0-0: Called Strike
0-1: Ball
1-1: Foul Ball, location: 2F
1-2: Strikes out swinging
Bottom of the 7th over - 0 runs, 1 hit, 0 errors, 1 left on base; Hartford 9 - Indianapolis 3
TOP OF THE 8TH
Hartford Whalers batting - Pitching for Indianapolis Clowns : RHP Lonnie Mortensen
Batting: RHB Reilly Wren 0-0: Ball
1-0: Swinging Strike
1-1: Ball
2-1: Ball
3-1: Foul Ball, location: 2F
3-2: Ground out 5-3 (Groundball, 56, EV 86.9 MPH)
Batting: RHB Abel Kazaz 0-0: Ball
1-0: Ground out U3 (Groundball, 3, EV 103.1 MPH)
Batting: RHB Simon Moody 0-0: Ground out 6-3 (Groundball, 6, EV 84.4 MPH)
Top of the 8th over - 0 runs, 0 hits, 0 errors, 0 left on base; Hartford 9 - Indianapolis 3
BOTTOM OF THE 8TH
Indianapolis Clowns batting - Pitching for Hartford Whalers : LHP Noel Fetter
Batting: LHB Delano Hurme 0-0: Called Strike
0-1: Called Strike
0-2: Ball
1-2: Strikes out looking
Batting: RHB Jett Speer 0-0: SINGLE (Line Drive, 89S, EV 102.5 MPH)
Batting: RHB Gage Hay 0-0: Swinging Strike
0-1: Foul Ball, location: 2F
0-2: Ball
1-2: Foul Ball, location: 2F
1-2: Foul Ball, location: 2F
1-2: DOUBLE (Line Drive, 5D, EV 106.2 MPH)
Jett Speer to third
Runner from 3rd tries for Home, SAFE, no throw by LF
Batting: RHB Luke Heap 0-0: Ball
1-0: Ground out 4-3 (Groundball, 4, EV 101.2 MPH)
Gage Hay to third
Batting: RHB Jared Bradley 0-0: Fly out, F9 (Line Drive, 9, EV 93.8 MPH)
Bottom of the 8th over - 1 run, 2 hits, 0 errors, 1 left on base; Hartford 9 - Indianapolis 4
TOP OF THE 9TH
Hartford Whalers batting - Pitching for Indianapolis Clowns : RHP Lonnie Mortensen
Pitching: RHP Logan Osborne
Batting: LHB Gene Grimes 0-0: Swinging Strike
0-1: Ball
1-1: SINGLE (Groundball, 5S, EV 70.0 MPH) (infield hit)
Batting: RHB Zyaire Semijenov 0-0: Foul Ball, location: 2F
0-1: Ball
1-1: Foul Ball, location: 2F
1-2: Ball
2-2: Ball
3-2: Foul Ball, location: 2F
3-2: Base on Balls
Gene Grimes to second
Batting: SHB JaQawn Schiegl 0-0: Foul Ball, location: 2F
0-1: Called Strike
0-2: Ball
1-2: Ball
2-2: Foul Ball, location: 2F
2-2: Grounds into double play, 4-6-3 (Groundball, 34D, EV 108.1 MPH)
Gene Grimes to third
Batting: LHB Ian Schreiber 0-0: Ball
1-0: Swinging Strike
1-1: Called Strike
1-2: DOUBLE (Line Drive, 8LXD, EV 106.2 MPH)
Gene Grimes scores
Batting: LHB Amric Robinson 0-0: Ball
1-0: Ball
2-0: Ball
3-0: Called Strike
3-1: Base on Balls
Batting: LHB Houston Yap 0-0: Swinging Strike
0-1: Foul Ball, location: 2F
0-2: Strikes out swinging
Top of the 9th over - 1 run, 2 hits, 0 errors, 2 left on base; Hartford 10 - Indianapolis 4
BOTTOM OF THE 9TH
Indianapolis Clowns batting - Pitching for Hartford Whalers : LHP Noel Fetter
Now at 2B: Reilly Wren
Now at 3B: Seth Floyd
Batting: LHB Elias Owen 0-0: Ball
1-0: Ground out 4-3 (Groundball, 4, EV 88.1 MPH)
Batting: RHB Bryant Francis 0-0: Ball
1-0: Swinging Strike
1-1: Ball
2-1: Ball
3-1: Fly out, F7 (Flyball, 78D, EV 107.5 MPH)
Batting: LHB Grady Faulkner 0-0: Called Strike
0-1: Ball
1-1: Called Strike
1-2: Foul Ball, location: 2F
1-2: Foul Ball, location: 2F
1-2: Ball
2-2: Foul Ball, location: 2F
2-2: SINGLE (Line Drive, 9S, EV 103.8 MPH)
Pitching: RHP Miles Valdez
Batting: SHB Darren Lane 0-0: Foul Ball, location: 2F
0-1: Foul Ball, location: 2F
0-2: Fly out, F7 (Flyball, 7D, EV 98.8 MPH)
Bottom of the 9th over - 0 runs, 1 hit, 0 errors, 1 left on base; Hartford 10 - Indianapolis 4
Monday, April 29th , 2024 - OOTP Baseball 23.10 Build 110